 Dungeon Crawl Stone Soup version 0.30-a0-983-g7e3032bf44 (webtiles) character file.

Game seed: 8678641394273049416

226 CrazyBamboolord the Charlatan (level 6, -3/35 HPs)
             Began as a Kobold Artificer on Apr 1, 2023.
             Slain by an orc
             ... wielding a +0 hand axe
              (6 damage)
             ... on level 4 of the Dungeon.
             The game lasted 00:08:55 (4062 turns).

CrazyBamboolord the Charlatan (Kobold Artificer)    Turns: 4062, Time: 00:08:55

Health: -3/35      AC:  5    Str:  9    XL:     6   Next: 22%
Magic:  0/6        EV: 15    Int: 13    God:
Gold:   227        SH:  0    Dex: 17    Spells: 5/5 levels left

rFire   . . .      SeeInvis .    u - +0 rapier
rCold   . . .      Faith    .    (no shield)
rNeg    . . .      Spirit   +    b - +0 leather armour
rPois   .          Reflect  .    (no helmet)
rElec   .          Rampage  .    n - +0 cloak
rCorr   .                        s - +0 pair of gloves
Will    .....                    (no boots)
Stlth   ++++                     h - amulet of guardian spirit
HPRegen 0.25/turn                p - ring of flight
MPRegen 0.10/turn                (no ring)

@: flying
A: small, no large weapons, nightstalker 3
a: no special abilities


You were on level 4 of the Dungeon.
You visited 1 branch of the dungeon, and saw 4 of its levels.

You collected 227 gold pieces.

Inventory:

Hand Weapons
 u - a +0 rapier (weapon)
Armour
 b - a +0 leather armour (worn)
 n - a +0 cloak (worn)
 s - a +0 pair of gloves (worn)
Jewellery
 h - an amulet of guardian spirit (around neck)
 p - a ring of flight (left hand)
Wands
 c - a wand of flame (2) (quivered)
 d - a wand of charming (11)
 e - a wand of iceblast (5)
Scrolls
 g - a scroll of immolation
 i - a scroll of fear
 k - a scroll of teleportation
 l - a scroll of magic mapping {unknown}
 r - 2 scrolls of poison {unknown}
 t - a scroll of summoning {unknown}
 w - a scroll of vulnerability {unknown}
Potions
 a - a potion of brilliance
 f - a potion of lignification {unknown}
 j - 5 potions of heal wounds
 m - a potion of invisibility {unknown}
 o - 2 potions of mutation
 q - 2 potions of curing
 v - a potion of degeneration {unknown}


   Skills:
 * Level 2.1 Fighting
 * Level 3.8 Short Blades
 - Level 0.7 Armour
 * Level 3.3 Dodging
 * Level 4.3 Stealth
 * Level 4.8 Evocations


You had 5 spell levels left.
You didn't know any spells.
Your spell library was empty.

Dungeon Overview and Level Annotations

Branches:
Dungeon (4/15)
 Temple: D:4-7

Altars:
Sif Muna


Innate Abilities, Weirdness & Mutations

You are small and have problems with some larger weapons.
You are completely attuned to the shadows.


Message History

The orc priest is moderately wounded.
The orc hits you but does no damage.
The orc priest mumbles some strange prayers to Beogh against you.
Beogh smites you!
* * * LOW HITPOINT WARNING * * *
The orc barely misses you.
The orc priest looks encouraged for a moment.
You hit the orc priest.
The orc priest is severely wounded.
The orc priest looks braver for a moment.
The orc misses you.
You hit the orc priest.
The orc priest is almost dead.
The orc hits you but does no damage.
The orc priest looks braver for a moment.
You hit the orc priest.
The orc priest is almost dead.
The orc priest begins to cast a cantrip, but forgets the words!
The orc closely misses you.
You hit the orc priest but do no damage.
The orc priest is almost dead.
The orc hits you but does no damage.
The orc priest hits you but does no damage.
You hit the orc priest.
You kill the orc priest!
You barely miss the orc. The orc closely misses you.
You barely miss the orc. The orc hits you but does no damage.
The orc attacks as you move away! The orc hits you with a +0 hand axe.
* * * LOW HITPOINT WARNING * * *
You hit the orc.
The orc is lightly wounded.
The orc misses you. The orc closely misses you.
You hit the orc.
The orc is almost dead.
The orc hits you but does no damage. The orc hits you with a +0 hand axe.
* * * LOW HITPOINT WARNING * * *
You closely miss the orc.
The orc is almost dead.
The orc misses you. The orc hits you with a +0 hand axe.
You die...

###.....# #........# ..#.....#
#........# ..#.....#
#........# ..'.....#
#........#
#+#.....###########........###
..###..............####.†....#
[...#............#....#......#
....#............'....#......#
....#..[........@#....#......#
.†..#..........oo#....#......#
...##..........).#+####......#
...###'#########)......##'####
....#....# #.......#....#
....#....# #.......#....#
....'..>.# #.......#....#
....#....# .....#....#
########## .....#######


You could see 2 orcs.

Vanquished Creatures
  A phantom (D:4)
  An orc priest (D:4)
  2 gnolls (D:2)
  2 adders (D:4)
  A worm (D:2)
  A dart slug (D:1)
  2 orcs (D:4)
  11 endoplasms
  4 giant cockroaches
  5 goblins
  5 hobgoblins
  3 jackals (D:1)
  5 kobolds
  4 quokkas
  8 ball pythons
  8 bats
  A frilled lizard (D:1)
  5 rats
69 creatures vanquished.

Vanquished Creatures (collateral kills)
  A gnoll (D:2)
1 creature vanquished.

Vanquished Creatures (others)
  A gnoll (D:2)
  An adder (D:2)
  A plant (D:2)
3 creatures vanquished.

Grand Total: 73 creatures vanquished

Notes
Turn   | Place    | Note
-------+----------+-------------------------------------------
     0 | D:1      | CrazyBamboolord the Kobold Artificer began the quest for
                  | the Orb.
     0 | D:1      | Reached XP level 1. HP: 12/12 MP: 1/1
   104 | D:1      | Reached XP level 2. HP: 13/16 MP: 2/2
   328 | D:1      | Reached XP level 3. HP: 8/20 MP: 3/3
  1074 | D:2      | Reached skill level 1 in Short Blades
  1074 | D:2      | Found a shimmering blue altar of Sif Muna.
  1635 | D:2      | Reached XP level 4. HP: 15/25 MP: 4/4
  1693 | D:2      | HP: 1/25 [gnoll/+0 spear (4)]
  2142 | D:2      | HP: 1/25 [worm (10)]
  3545 | D:4      | Reached XP level 5. HP: 24/29 MP: 5/5
  3568 | D:4      | Noticed a phantom
  3586 | D:4      | Killed a phantom
  4010 | D:4      | Reached XP level 6. HP: 35/35 MP: 6/6
  4062 | D:4      | Slain by an orc

Illustrated notes

Levels and vault maps discovered:
D:1:      shiori_arrival_maze, layout_basic
D:2:      layout_basic, basic_altar, serial_bayou_pond_d, minivault_4
D:3:      layout_basic
D:4:      layout_gridville, nicolae_hepliaklqana_monster_ancestors,
          minmay_shop_mayhem

Skill      XL: |  1  2  3  4  5 |
---------------+----------------+-----
Evocations     | 4 |  4.8
Stealth        | 2 3 4 |  4.3
Short Blades   | 1 2 3 |  3.8
Dodging        | 3 |  3.3
Fighting       | 2 |  2.1
Armour         | |  0.7

Action                     |  1- 3 |  4- 6 || total
---------------------------+-------+-------++-------
  Melee: Club              |    17 |       ||    17
         Punch             |     1 |     2 ||     3
         Dagger            |   106 |   118 ||   224
         Rapier            |       |    65 ||    65
  Evoke: Wand              |     6 |    11 ||    17
    Use: Scroll            |       |     8 ||     8
   Stab: Sleeping          |    15 |     9 ||    24
 Armour: Leather armour    |    33 |    40 ||    73
  Dodge: Dodged            |   104 |   146 ||   250

Table legend: (Time is in decaauts)
 A = Elapsed time spent in this place.
 B = Non-inter-level travel time spent in this place.
 C = Inter-level travel time spent in this place.
 D = Time resting spent in this place.
 E = Time spent auto-exploring this place.
 F = Levels seen in this place.
 G = Mean time per level.
                   A        B        C        D        E       F      G
               +--------+--------+--------+--------+--------+-----+--------+
         Total |   4054 |   3893 |    161 |    298 |   2891 |   4 | 1013.5 |
       Dungeon |   4054 |   3893 |    161 |    298 |   2891 |   4 | 1013.5 |
               +--------+--------+--------+--------+--------+-----+--------+

Top non-repeatable levels by time:
     D:2: 1613 daAuts
     D:3: 973 daAuts
     D:1: 940 daAuts
     D:4: 527 daAuts
